AoeStats
← bastygg

Arabia

503946710Analyzed
2v2 RM · 1mo ago on Sep 3, 2026· 48m 25s· 4 players
Game mode
Random Map
Map size
Medium (4 player)
Population
200
Speed
Normal
Resources
Standard
Victory
Conquest
Starting age
Dark Age
Ending age
Imperial Age
RankedLock teamsTeams togetherTeam positionsShared explorationLock speedFull tech treeHidden civsTurbo modeCheats
Victory
Defeat
🇵🇪 Burmese · Peru
959
+17
🇵🇪 Spanish · Peru
948
+17
🇨🇱 Franks · Chile
995
-17
🇨🇱 Koreans · Chile
966
-17
danilo.mh.22
6:36 Loom
10:08 Feudal Age
10:44 Man-at-Arms
13:43 Arson
17:01 Forging
16:42 Fletching
24:47 Castle Age
23:08 Padded Archer Armor
23:15 Scale Mail Armor
23:16 Padded Archer Armor
23:37 Gold Mining
25:41 Wheelbarrow
26:27 Bodkin Arrow
27:08 Iron Casting
25:55 Long Swordsman
28:10 Hand Cart
29:01 Gold Shaft Mining
28:53 Chain Mail Armor
28:41 Squires
29:37 Stone Mining
29:36 Town Watch
30:19 Elite Skirmisher
31:02 Horse Collar
31:00 Pikeman
32:07 Town Patrol
34:26 Gambesons
36:12 Scale Barding Armor
36:32 Heavy Plow
41:29 Imperial Age
42:43 Ballistics
43:24 Chemistry
41:58 Halberdier
42:41 Elite Battle Elephant
44:10 Conscription
46:47 Blast Furnace
45:47 Bracer
47:38 Howdah
El rayo Mcuin
3:44 Loom
12:25 Feudal Age
13:07 Double-Bit Axe
22:07 Castle Age
21:44 Horse Collar
24:29 Bow Saw
25:02 Husbandry
25:47 Scale Barding Armor
27:23 Chain Barding Armor
29:04 Bloodlines
29:36 Light Cavalry
36:31 Forging
36:25 Padded Archer Armor
38:29 Heavy Plow
42:47 Imperial Age
42:42 Gold Mining
bastygg
12:05 Feudal Age
15:10 Wheelbarrow
26:17 Castle Age
27:32 Husbandry
30:09 Husbandry
32:01 Double-Bit Axe
36:27 Hand Cart
39:44 Forging
39:39 Scale Barding Armor
45:49 Imperial Age
45:00 Iron Casting
48:06 Imperial Age
elcalientamadres202
0:46 Loom
13:42 Feudal Age
14:08 Double-Bit Axe
14:14 Gold Mining
15:58 Horse Collar
22:34 Fletching
24:09 Wheelbarrow
27:11 Castle Age
27:20 Crossbowman
28:07 Thumb Ring
28:23 Bow Saw
28:59 Bodkin Arrow
29:52 Ballistics
31:23 Pikeman
32:32 Squires
35:35 Hand Cart
36:52 Gold Shaft Mining
39:07 Imperial Age
36:21 Elite Skirmisher
41:03 Chemistry
42:42 Forging
42:34 Scale Mail Armor
42:35 Bracer
Connection lost

Rejoining the realm…

Still unreachable

The connection could not be restored.

Session expired

The server has moved on; the page needs a fresh start.